Cogmind - Beta 16 @@@ ROGUE MODE // 2026.02.01 @ 23:38:20 Player: luckinvolved Result: Destroyed by WY-YDX(R) with Subdweller Laser Performance ------------- Evolutions (0) 0 Regions Visited (2) 400 Robots Destroyed (24) 120 Value Destroyed (584) 584 Prototype IDs (0) 0 Alien Tech Used (0) 0 Bonus (0) 0 TOTAL SCORE: 1104 Bonus ------- None Cogmind --------- Core Integrity 0/250 Matter 238/300 Energy 32/100 System Corruption 0% Temperature Cool (10) Movement Treading (160) Location -10/Subcaves Parts ------- > --- POWER (1) -------- Subdweller Power Source > --- PROPULSION (2) --- Light Treads Spiked Treads > --- UTILITY (2) ------ Scrap Shield > --- WEAPON (2) ------- Subdweller Laser Barrage Gun > --- INVENTORY (5) ---- Disposable Heat Sink Subdweller Optics Assault Rifle Mining Laser Peak State ------------ > --- POWER ------------ Subdweller Power Source > --- PROPULSION ------- Light Treads Spiked Treads > --- UTILITY ---------- Scrap Shield > --- WEAPON ----------- Subdweller Laser Barrage Gun > --- INVENTORY -------- Disposable Heat Sink Subdweller Optics Assault Rifle Mining Laser [Rating: 14] Favorites ----------- Power Subdweller Power Source Engine Subdweller Power Source Propulsion Light Treads Treads Light Treads Wheel Wheel Utility Small Storage Unit Device Seismic Detector Storage Small Storage Unit Protection Light Armor Plating Weapon Subdweller Machine Gun Energy Gun Subdweller Laser Ballistic Gun Subdweller Machine Gun Ballistic Cannon Battle Cannon Build | -11 -10 -10 ------- Run | Yrd Mat Sub Slots Evolved . | . . . Power . | . . . Propulsion . | . . . Utility . | . . . Weapon . | . . . Parts Attached 20 | 7 2 11 Power 3 | 1 . 2 Engine 3 | 1 . 2 Core . | . . . Reactor . | . . . Propulsion 6 | 2 2 2 Treads 4 | 2 . 2 Leg . | . . . Wheel 2 | . 2 . Hover . | . . . Flight . | . . . Utility 5 | 2 . 3 Device 2 | 1 . 1 Storage 1 | 1 . . Processor . | . . . Hackware . | . . . Protection 2 | . . 2 Artifact . | . . . Weapon 6 | 2 . 4 Energy Gun 1 | . . 1 Energy Cannon . | . . . Ballistic Gun 4 | 2 . 2 Ballistic Cannon 1 | . . 1 Launcher . | . . . Special Weapon . | . . . Impact Weapon . | . . . Slashing Weapon . | . . . Piercing Weapon . | . . . Special Melee Weapon . | . . . Unidentified Prototypes . | . . . Parts Lost 5 | . . 5 Power . | . . . Propulsion 2 | . . 2 Utility 2 | . . 2 Weapon 1 | . . 1 Highest Loss Streak 3 | . . 3 To Critical Strikes . | . . . Average Backups 7 | 3 6 7 Power . | . 1 . Propulsion 1 | 1 2 . Utility 2 | . 1 3 Weapon 2 | 1 2 2 Tool/Special . | . . . Unused Backups 6 | . . 6 Power 1 | . . 1 Propulsion . | . . . Utility 3 | . . 3 Weapon 2 | . . 2 Tool/Special . | . . . Average Slot Usage (%) 97 | . 100 97 Engine 14 | . 14 14 Treads 25 | . 12 26 Wheel 2 | . 15 1 Device 12 | . 14 12 Storage 13 | . 14 13 Energy Gun 1 | . . 1 Ballistic Gun 23 | . 28 22 Ballistic Cannon 2 | . . 3 Peak Build Rating 14 | 7 7 14 Average Rating 10 | 6 7 10 On Entrance 4 | . 7 7 Avg Prop Armor Cover (%) 11 | . . 11 Naked Turns . | . . . Heaviest Build 19 | 14 14 19 Greatest Support 40 | 40 40 40 Greatest Overweight (x) 2 | 2 . 1 Average Overweight (x) . | . . . Largest Inventory Capacity 8 | 8 8 8 Average Capacity 7 | 7 8 7 Most Carried 8 | 6 6 8 Average Carried 7 | 3 6 7 Final Capacity 8 | 8 8 5 Final Carried 6 | 6 6 4 Class Distribution -------------------- 100% | Mutant Dominant Class ---------------- Mutant | -10/Materials Mutant | -10/Subcaves Resources | -11 -10 -10 ----------- Run | Yrd Mat Sub Matter Collected 765 | 330 . 435 Remotely . | . . . Salvage Created 717 | 171 . 546 Parts 49 | 14 . 35 Haulers Intercepted . | . . . Recyclers Shooed . | . . . Parts Field Recycled . | . . . Retrieved Matter . | . . . Parts Self-Destructed 14 | . . 14 Prevented . | . . . Parts Restored . | . . . Kills | -11 -10 -10 ------- Run | Yrd Mat Sub Combat Hostiles Destroyed 19 | . . 19 Guns 15 | . . 15 Cannons 4 | . . 4 Classes Destroyed 6 | 2 . 4 Tunneler 4 | 4 . . Recycler 1 | 1 . . Swarmer 7 | . . 7 Grunt 3 | . . 3 Sentry 1 | . . 1 Subdweller 8 | . . 8 Best Kill Streak 3 | 2 . 3 Combat Bots Only 3 | . . 3 Max Kills in Single Turn 1 | 1 . 1 Gunslinging . | . . . Exploded . | . . . Melee . | . . . Uniques/NPCs Destroyed . | . . . Combat | -11 -10 -10 -------- Run | Yrd Mat Sub Hostile Shots Fired 90 | . . 90 Missed 21 | . . 21 Hits 69 | . . 69 Projectile 69 | . . 69 Critical Strikes 2 | . . 2 Damage Taken 1112 | . . 1112 Core 254 | . . 254 Absorbed by Shields . | . . . Core Remaining (%) 100 | 100 . . Volleys Fired 78 | 15 . 63 Largest 2 | 2 . 2 Hottest 93 | 40 . 93 Shots Fired 148 | 30 . 118 Gun 113 | 30 . 83 Cannon 35 | . . 35 Launcher . | . . . Special . | . . . Kinetic 121 | 30 . 91 Thermal 27 | . . 27 Explosive . | . . . Electromagnetic . | . . . Robot Hit Streak 16 | 6 . 16 Robot Miss Streak 5 | 5 . 3 Penetration Max . | . . . Secondary Targets 2 | . . 2 Max Gunslinging Chain 1 | . . 1 Shots Hit Robots 95 | 19 . 76 Core Hits 38 | 8 . 30 Critical Kills 2 | . . 2 Critical Parts Destroyed 1 | 1 . . Critical Strikes 5 | 1 . 4 Destroy 4 | 1 . 3 Blast 1 | . . 1 Melee Attacks . | . . . Impact . | . . . Slashing . | . . . Piercing . | . . . Sneak Attacks . | . . . Combat Hostiles . | . . . Follow-up Attacks . | . . . Damage Inflicted 1490 | 207 . 1283 Guns 1131 | 207 . 924 Cannons 359 | . . 359 Explosions . | . . . Melee . | . . . Ramming . | . . . Kinetic 1189 | 207 . 982 Thermal 301 | . . 301 Explosive . | . . . Electromagnetic . | . . . Impact . | . . . Slashing . | . . . Piercing . | . . . Highest Corruption . | . . . Average Corruption . | . . . Corruption Purged . | . . . Corruption Blocked . | . . . Overload Shots . | . . . Overflow Damage . | . . . Projectiles . | . . . Explosions . | . . . Melee . | . . . Knockbacks 7 | . . 7 Impact . | . . . Kinetic 7 | . . 7 Secondary . | . . . Self-Inflicted Damage . | . . . Shots . | . . . Rammed . | . . . Targets Rammed . | . . . Kicked . | . . . Crushed . | . . . Highest Temperature 11 | . . 11 Average Temperature 6 | . . 6 Received Heat Transfer 309 | . . 309 Siege Activations . | . . . Martial Activations . | . . . Shielding Activations . | . . . Robots Disrupted . | . . . Combat Hostiles . | . . . Robots Corrupted . | . . . Combat Hostiles . | . . . Parts Fried . | . . . Impact Corruptions . | . . . Robots Melted . | . . . Combat Hostiles . | . . . Parts Melted . | . . . Heat Transferred 375 | . . 375 Parts Sabotaged . | . . . Parts Stolen . | . . . Parts Stripped . | . . . Power Chain Reactions . | . . . Alert | -11 -10 -10 ------- Run | Yrd Mat Sub Maximum Alert Level . | . . . Low Security (%) 100 | 100 100 . Level 1 . | . . . Level 2 . | . . . Level 3 . | . . . Level 4 . | . . . Level 5 . | . . . High Security . | . . . Max Security . | . . . Peak Influence 11 | 10 11 . Initial . | . . . Average 1 | 1 1 . Influence Increases 340 | 25 15 300 Destroy 0b10 Robot/C 220 | . . 220 Destroy 0b10 Robot/NC 25 | 25 . . Destroy Leader 20 | . . 20 Successful Hack 15 | . 15 . Lose Combat Pursuer 60 | . . 60 Influence Decreases 330 | 25 15 290 Time Decay 290 | 25 15 250 Lost Part 40 | . . 40 Squads Dispatched 3 | . 3 . Investigation 1 | . 1 . Extermination . | . . . Reinforcement 2 | . 2 . Assault . | . . . Garrison . | . . . Intercept . | . . . Searches Triggered . | . . . Construction Impeded . | . . . Haulers Reinforced . | . . . Active Scanning Responses . | . . . Cargo Convoy Interrupts . | . . . Stealth | -11 -10 -10 --------- Run | Yrd Mat Sub Distress Signals . | . . . Communications Jammed . | . . . Distress Signals . | . . . Times Spotted 23 | . . 23 Peak Tracking Total 5 | . . 5 Tactical Retreats 2 | . . 2 Traps | -11 -10 -10 ------- Run | Yrd Mat Sub Traps Triggered 2 | . 1 1 Indirectly . | . . . Trap Hack Attempts . | . . . Triggered . | . . . Disarmed . | . . . Reprogrammed . | . . . Reused . | . . . Traps Extracted . | . . . Installed . | . . . Triggered . | . . . Machines | -11 -10 -10 ---------- Run | Yrd Mat Sub Machines Disabled . | . . . Max in Single Turn . | . . . Machines Repaired . | . . . Machines Dismantled . | . . . Machines Sabotaged . | . . . Overloaded Fab Kills . | . . . Hacking | -11 -10 -10 --------- Run | Yrd Mat Sub Machines Accessed 3 | . 3 . Terminals 3 | . 3 . Fabricators . | . . . Repair Stations . | . . . Recycling Units . | . . . Scanalyzers . | . . . Garrison Access . | . . . Total Hacks 12 | . 12 . Successful 5 | . 5 . Failed 7 | . 7 . Catastrophic 2 | . 2 . Database Lockouts . | . . . Manual 14 | . 14 . Terminals 12 | . 12 . Fabricators . | . . . Repair Stations . | . . . Recycling Units . | . . . Scanalyzers . | . . . Garrison Access . | . . . Terminal Hacks 3 | . 3 . Robot Analysis 3 | . 3 . Fabricator Hacks . | . . . Repair Station Hacks . | . . . Recycling Unit Hacks . | . . . Scanalyzer . | . . . Garrison Access Hacks . | . . . Unauthorized Hacks 2 | . 2 . Terminals 2 | . 2 . Botnet 2 | . 2 . Fabricators . | . . . Repair Stations . | . . . Recycling Units . | . . . Scanalyzers . | . . . Garrison Access . | . . . Data Cores Recovered . | . . . Used . | . . . Hacking Detections 3 | . 3 . Full Trace Events . | . . . Feedback Events . | . . . Feedback Blocked . | . . . Robot Schematics Acquired . | . . . Robots Built . | . . . Authchips . | . . . Time . | . . . Total Robot Build Rating . | . . . Part Schematics Acquired . | . . . Parts Built . | . . . Authchips . | . . . Time . | . . . Total Part Build Rating . | . . . Part Studies Acquired . | . . . Parts Repaired . | . . . Time . | . . . Parts Recycled . | . . . Recycled Matter . | . . . Retrieved Matter . | . . . Retrieved Components . | . . . Parts Scanalyzed . | . . . Part Schematics Acquired . | . . . Parts Damaged . | . . . Bothacking | -11 -10 -10 ------------ Run | Yrd Mat Sub Used RIF Installer . | . . . Robots Hacked . | . . . Non-combat . | . . . Combat . | . . . Robot Hacks Applied . | . . . Relay Couplers Released . | . . . Fabnet Peak Effective % . | . . . Robots Rewired . | . . . Allies Hacked . | . . . Hacks Repelled . | . . . Allies | -11 -10 -10 -------- Run | Yrd Mat Sub Total Allies . | . . . Largest Group . | . . . Highest-Rated Group . | . . . Highest-Rated Ally . | . . . Total Orders . | . . . Ally Attacks . | . . . Total Damage . | . . . Kills . | . . . Allies Corrupted . | . . . Allies Melted . | . . . Intel | -11 -10 -10 ------- Run | Yrd Mat Sub Active Infowar (turns) 2015 | 109 144 1762 Seismic 2015 | 109 144 1762 Robot Analysis Total 3 | . 3 . Derelict Logs Recovered 2 | . . 2 Drone Launches . | . . . Drone Recoveries . | . . . Exploration | -11 -10 -10 ------------- Run | Yrd Mat Sub Turns Passed 2380 | 187 144 2049 Spaces Moved 1143 | 76 119 948 Core 4 | 4 . . Treads 971 | 72 32 867 Legs . | . . . Wheels 168 | . 87 81 Hover . | . . . Flight . | . . . Fastest Speed 50 | 50 90 90 Average Speed 149 | 155 108 154 Slowest Speed 160 | 160 160 160 Overloaded Moves . | . . . Propulsion Burnouts . | . . . Robots Hopped . | . . . Potential Cave-ins . | . . . Cave-ins Triggered . | . . . Exploration Rate (%) 36 | 6 34 70 Regions Visited 2 Branch Regions 1 Pre-discovered Areas . | . . . Known Exits Taken . | . . . Unknown Exits Taken 2 | 1 1 . Scrap Searched . | . . . Spaces Dug . | . . . Terrain Destroyed 1 | . . 1 Melee . | . . . Projectile 1 | . . 1 AOE . | . . . Terrain Rammed . | . . . Walls Destroyed . | . . . Machines Disabled . | . . . Actions | -11 -10 -10 --------- Run | Yrd Mat Sub Total 1663 | 114 132 1417 Wait 390 | 11 12 367 Move 1141 | 75 118 948 Hop . | . . . Pick Up 15 | 6 . 9 Fast Attach 9 | 7 . 2 Attach 4 | . . 4 Detach 1 | . . 1 Swap 16 | . 2 14 Drop 9 | . . 9 Fire 78 | 15 . 63 Melee . | . . . Ram . | . . . Kick . | . . . Crush . | . . . Escape Stasis . | . . . Rewire . | . . . Trap . | . . . Miscellaneous . | . . . Route ------- -11/Scrapyard -10/Materials -10/Subcaves (discovered 1 exit: [*Mat]) History --------- Turn | Location | Event 6 | -11/Scrapyard | Discovered new exit (range 15) 188 | -11/Scrapyard | Entered Materials 189 | -10/Materials | Met a group of wandering Federalists 287 | -10/Materials | Discovered new exit (range 4) 300 | -10/Materials | Build established: Mutant 332 | -10/Materials | Entered Subcaves 333 | -10/Subcaves | Continued accompanying wandering Federalists (5) 453 | -10/Subcaves | Lost 5 allies 1283 | -10/Subcaves | Shifting Twisted Machinery released Flamer 1306 | -10/Subcaves | Shifting Twisted Machinery released Barrage Gun 1779 | -10/Subcaves | Learned location of 2 exits from Materials 1863 | -10/Subcaves | Discovered new exit (range 5) 1989 | -10/Subcaves | Shifting Twisted Machinery released Sub. Laser 1996 | -10/Subcaves | Core integrity fell below 50% 2041 | -10/Subcaves | Learned Materials terminal intel 2178 | -10/Subcaves | Shifting Twisted Machinery released Sub. Machine Gun 2184 | -10/Subcaves | Lost 3 parts (2n1u) 2335 | -10/Subcaves | Core integrity fell below 20% 2381 | -10/Subcaves | Destroyed by WY-YDX(R) with Subdweller Laser Last Messages --------------- 02149_ ZH-PHA(R) suffers critical hit (Destroy). 02149_ ZH-PHA(R) destroyed. 02153_ U7-7RI(R) knocked back. 02153_ Seismic Detector destroyed. 02156_ U7-7RI(R) knocked back. 02165_ U7-7RI(R) destroyed. 02168_ Acquired 42 matter. Sub. Machine Gun falls loose from the Twisted Machinery. 02189_ Acquired Spk. Treads. 02226_ U2-M4O(R): "WEHOME!" 02233_ U2-M4O(R) destroyed. 02255_ Acquired 24 matter. 02272_ Subatomizers dissect the Mak. Leg. 02290_ Acquired 18 matter. 02331_ HX-U40(R) knocked back. 02336_ Battle Cannon destroyed. 02339_ HX-U40(R) destroyed. 02366_ Dropped Sml. Storage Unit. 02367_ Acquired Scrap Shield. 02376_ WY-YDX(R) affixes Scrap Shield Fragment to Scrap Shield. Map ----- +----------------------------------------------------+ | | | | | | | | | ???????????????????????????????????????????? | | ???????????????????????????????????????????? | | ???????????????????????????????????????????? | | ???????????????????????????????????????????? | | ???????????????????????????????????????????? | | ???????????????????????????????????????????? | | ???????????????????????????????????????????? | | ???????????????????????????????????????????? | | ???????????????????????????????????????????? | | ???????????????????????????????????????????? | | ???????????????????????????????????????????? | | ???????????????????????????????????????????? | | ???????????????????????????????????????????? | | ???????????????????????????????????????????? | | ????????????????????????####????#??????????? | | ???????????????????????## #### ##?????????? | | ????????????????????####"" #?????????? | | ????????????????????# "" #?????????? | | ????????????????????# "" #?????????? | | ????????????????#####?# "" #?????????? | | ???????????????##""!### ##" ??????? | | ??????????????##"""@R![ ##???????????????? | | ??????????????#" *&%""""##????????????????? | | ??????????????# "###%*" ##?????????????????? | | ????????????### #?##" #??????????????????? | | ????????????# ##?# """" ????????????????? | | ????????????# #?## " ???????????????? | | ????????????# ##??# ??????????????? | | ????????????# ###### ?????????????? | | ????????????#### = ## ?????????????? | | ???????????????#/%= ##? ??????????????? | | ???????????????## #### ????????????????? | | ????????????????## ### ? ???????????????? | | ?????????????????# #???????????????????? | | ?????????????????## * #???????? ????????? | | ??????????????????##% ###????? #????????? | | ???????????????????#= #???? ##???????? | | ???????????????????# ##???? #???????? | | ???????????????????# #???? #????????? | | ???????????????????## #???? #?????????? | | ????????????????????# ##?? #?????????? | | ?????????????????#### ##? #?????????? | | ?????????????????# ## #?????????? | | ?????????????????# " #???????????? | | ?????????????????## " #???????????? | | ??????????????????# ##??????????? | +----------------------------------------------------+ Best States ------------- Heat Dissipation 25 Coolant Potential 50 Energy Generation 15 Energy Capacity 250 Matter Stores 300 Matter Capacity 300 Sight Range 16 Terrain Scan Density 10 Armor Coverage 800 Evasion (%) 42 Recoil Reduction 2 Item Schematics ----------------- None Robot Schematics ------------------ None Fabricated ------------ Nothing Repaired ---------- Nothing Studied --------- None Alien Tech Used ----------------- None Achievements -------------- None Challenges ------------ None Game ------ Seed GatlingCannonTurretformer Manual? 0 Play Time 00:12:56 Cumulative 170.0 hours Start 2026.02.01 @ 23:27:53 End 2026.02.01 @ 23:38:20 Sessions 1 Manual Loads 0 Difficulty Rogue Special Mode None Game No. 200 Rogue 195 Adventurer 5 Explorer 0 Win Type - Total 5 Types 4/0/0/1/0/0/0/0/0/0 Lore% 49 Gallery% 63 Achievement% 51 Wizard Run 0 Options --------- Layout 0 ASCII 0 Keyboard 1 Movement Vi Keybinds 0 Fullscreen 1 Font 24/Terminus Map View 76x50 Zoom Use 0% Tactical HUD 1 Map Filters NONE Filters NONE Steam 1 RUN: c90c3cd3-dc3d-4cef-9521-3bfe535e5393